 Dungeon Crawl Stone Soup version 0.31.0-2-g5a2aebc5c2 (webtiles) character file.

Game seed: 3764115521358421654

61344 ssalbiz the Severer (level 14, -6/133 HPs)
             Began as a Minotaur Berserker on Jan 20, 2024.
             Was a High Priest of Trog.
             Mangled by a death yak (15 damage)
             ... on level 5 of the Lair of Beasts.
             The game lasted 00:25:42 (15541 turns).

ssalbiz the Severer (Minotaur Berserker)           Turns: 15541, Time: 00:25:43

Health: -6/133     AC: 28    Str: 25    XL:     14   Next: 60%
Magic:  13/13      EV: 14    Int:  4    God:    Trog [*****.]
Gold:   1025       SH:  0    Dex: 18    Spells: 13/13 levels left

rFire   + + .        i - +8 frozen axe "Frostbite" {freeze, freezing cloud, *Noise Fly rC+}
rCold   + + .        (shield currently unavailable)
rNeg    + . .        P - +3 plate armour {rF+}
rPois   .            G - +2 hat "Webongy" {Fly rCorr}
rElec   +            B - +2 cloak of Cyor {rElec rC+ rN+}
rCorr   +            I - +0 pair of gloves
SInv    .            o - +0 pair of boots
Will    +....        u - amulet of regeneration Stlth
                     f - ring of protection from fire
HPRegen 1.22/turn    t - +6 ring of dexterity
MPRegen 0.13/turn

%: no passive effects
@: flying
A: horns 2, retaliatory headbutt
a: Renounce Religion, Berserk, Trog's Hand, Brothers in Arms


You were on level 5 of the Lair of Beasts.
You worshipped Trog.
Trog was extremely pleased with you.
You visited 3 branches of the dungeon, and saw 18 of its levels.

You collected 1557 gold pieces.
You spent 532 gold pieces at shops.

Inventory:

Hand Weapons
 i - the +8 frozen axe "Frostbite" (weapon) {freeze, freezing cloud, *Noise Fly rC+}
   (Trog gifted it to you on level 3 of the Lair of Beasts)

   rC+:       It protects you from cold.
   Fly:       It grants you flight.
   *Noise:    It may make a loud noise when swung.
 H - a +4 broad axe of flaming
Missiles
 c - 16 poisoned darts (quivered)
 K - 9 curare-tipped darts
Armour
 o - a +0 pair of boots (worn)
 B - the +2 cloak of Cyor (worn) {rElec rC+ rN+}
   (You found it on level 8 of the Dungeon)

   rC+:       It protects you from cold.
   rElec:     It insulates you from electricity.
   rN+:       It protects you from negative energy.
 G - the +2 hat "Webongy" (worn) {Fly rCorr}
   (You found it on level 9 of the Dungeon)

   Fly:       It grants you flight.
   rCorr:     It protects you from acid and corrosion.
 I - a +0 pair of gloves (worn)
 P - a +3 plate armour of fire resistance (worn)
Jewellery
 f - a ring of protection from fire (left hand)
 t - a +6 ring of dexterity (right hand)
 u - an amulet of regeneration (around neck)
 O - a ring of ice
 R - a ring of fire
Wands
 h - a wand of charming (10)
 k - a wand of digging (3)
 p - a wand of flame (58)
 w - a wand of mindburst (18)
 C - a wand of roots (8)
 D - a wand of acid (10)
Scrolls
 a - 4 scrolls of poison
 j - 2 scrolls of blinking {unknown}
 n - 3 scrolls of enchant armour {unknown}
 q - a scroll of amnesia {unknown}
 r - 3 scrolls of vulnerability {unknown}
 s - 2 scrolls of silence {unknown}
 v - 8 scrolls of teleportation
 x - a scroll of butterflies {unknown}
 y - 4 scrolls of revelation {unknown}
 E - a scroll of fear
 F - 2 scrolls of immolation
 M - a scroll of enchant weapon {unknown}
 Q - a scroll of fog {unknown}
 S - 3 scrolls of identify
Potions
 b - 10 potions of curing
 d - 6 potions of lignification
 e - 4 potions of degeneration
 g - 3 potions of enlightenment
 l - 5 potions of brilliance
 m - a potion of attraction
 z - 3 potions of ambrosia
 A - 2 potions of magic
 J - a potion of haste
 L - 5 potions of heal wounds
 N - 2 potions of cancellation
 T - 2 potions of mutation


   Skills:
 + Level 14.9 Fighting
 + Level 18.8 Axes
 + Level 14.5 Armour
 + Level 13.4 Dodging


You had 13 spell levels left.
You didn't know any spells.
Your spell library was empty.

Dungeon Overview and Level Annotations

Branches:
Dungeon (11/15)            Temple (0/1) D:5            Lair (5/5) D:10
 Shoals (0/4) Lair:3       Spider (0/4) Lair:3          Orc (2/2) D:9
    Elf (0/3) Orc:2
  Slime: Lair:4-5

Altars:
Cheibriados
Gozag
Hepliaklqana
Makhleb
Qazlal
Ru
Sif Muna
Vehumet
Wu Jian

Shops:
D:6 (   D:8 ?   D:10 *   Orc:1 !   Orc:2 :*[:(

Annotations:
D:4 1 runed translucent door, Krumphau's ghost, novice MiFi


Innate Abilities, Weirdness & Mutations

You have a pair of horns on your head.
You reflexively headbutt those who attack you in melee.


Message History

A water moccasin comes into view.
You see here a black mamba corpse.
You feel sick.
The dream sheep headbutts you but does no damage.
A wyvern comes into view.
You hack one of the seven-headed hydra's heads off!
The six-headed hydra grows two more!
You slice the eight-headed hydra!! You freeze the eight-headed hydra.
You kill the eight-headed hydra!
Trog accepts your kill.
You slice the dream sheep!! You freeze the dream sheep!
You kill the dream sheep!
Trog accepts your kill.
You feel sick.
A four-headed hydra comes into view.
As you read the scroll of fear, it crumbles to dust.
You assume a fearsome visage.
The water moccasin looks frightened!
The death yak resists with almost no effort.
The death yak looks frightened!
The four-headed hydra looks frightened!
The dream sheep looks frightened!
The dream sheep stampedes away.
The dream sheep looks frightened!
The dream sheep bleats in terror.
You feel sick.
A five-headed hydra comes into view.
The four-headed hydra moves out of view.
A death yak comes into view.
You feel sick.
You are no longer poisoned.
The death yak bellows!
The death yak is engulfed in freezing vapours.
The death yak barely misses you.
The death yak is engulfed in freezing vapours.
Found 10 gold pieces.
The death yak attacks as it pursues you!
The death yak gores you!
* * * LOW HITPOINT WARNING * * *
There is a stone staircase leading up here.
The death yak gores you!
You die...

....#.........###.....#
♣..#........##.......#
♣♣.#.........†..Y.Y....
♣..........##...D......
♣..........#.k†##..$#..
♣.........#..Y## ⌠.#
♣♣.......#^...# ..#
♣........Y...# .#
♣♣.....^.#@.⌠.# #
♣♣.....<.......#
♣..........#..##
♣♣..........#...#
♣♣..............[.#
♣..............#....
♣..............##.$..
♣♣♣........††.....#....
♣♣.........†.........


You could see 3 death yaks, a five-headed hydra and a wyvern.

Vanquished Creatures
  An orc warlord (Orc:1)
  An ettin (Orc:1)
  A fire dragon (Lair:3)
  A catoblepas (Lair:2)
  3 hydras
  5 two-headed ogres
  A boulder beetle (Lair:4)
  6 death yaks (Lair:1)
  4 orc high priests (Orc:2)
  Sonja (Lair:3)
  2 skysharks
  5 orc knights
  3 lindwurms
  2 deep elf zephyrmancers (D:9)
  A cyclops (Orc:2)
  4 orc sorcerers
  An ugly thing (D:11)
  12 elephants
  A black mamba (Lair:5)
  A water nymph (Lair:3)
  3 centaur zombies (D:10)
  9 cane toads
  A torpor snail (Lair:2)
  An unseen horror zombie (D:10)
  A rime drake (Lair:4)
  4 komodo dragons
  4 trolls
  14 blink frogs
  3 polar bears (Lair:4)
  2 dream sheep (Lair:5)
  Sigmund (D:7)
  A vampire (D:10)
  A culicivora (Lair:3)
  6 shadows
  2 wraiths
  5 wyverns
  67 yaks
  2 water elementals (D:11)
  7 basilisks
  A steam dragon (Lair:2)
  A warg (D:9)
  Edmund (D:7)
  An acid dragon (D:9)
  17 water moccasins
  An ice beast (D:6)
  26 orc warriors
  A swamp drake (D:9)
  2 sky beasts
  4 black bears
  6 ogres
  18 wolves
  5 centaurs
  12 bullfrogs
  4 scorpions
  4 wights (D:7)
  17 killer bees
  4 electric eels
  3 crimson imps
  3 jellies
  5 howler monkeys
  3 hounds
  5 bombardier beetles
  17 orc priests
  An iron imp (D:9)
  A sleepcap (D:7)
  Natasha (thrice) (D:3)
  Terence (D:3)
  An iguana (D:6)
  24 orc wizards
  3 hell rats (Lair:2)
  A howler monkey zombie (D:10)
  Robin (D:3)
  7 adders
  A river rat (Lair:2)
  2 shadow imps
  6 white imps
  2 ufetubi (D:5)
  2 ribbon worms
  4 dart slugs
  79 orcs
  7 endoplasms
  5 giant cockroaches
  11 goblins
  12 hobgoblins
  5 quokkas
  7 ball pythons
  6 bats
  2 frilled lizards
  6 kobolds
  10 rats
561 creatures vanquished.

Vanquished Creatures (others)
  An orc (D:9)
1 creature vanquished.

Grand Total: 562 creatures vanquished

Notes
Turn   | Place    | Note
-------+----------+-------------------------------------------
     0 | D:1      | ssalbiz the Minotaur Berserker began the quest for the Orb.
     0 | D:1      | Reached XP level 1. HP: 19/19 MP: 0/0
    45 | D:1      | Reached skill level 4 in Axes
   113 | D:1      | Reached XP level 2. HP: 25/26 MP: 1/1
   141 | D:1      | Found a faded altar of an unknown god.
   418 | D:1      | Reached skill level 5 in Axes
   533 | D:1      | Reached XP level 3. HP: 27/31 MP: 2/2
  1073 | D:2      | Reached ** piety under Trog
  1384 | D:2      | Found a sacrificial altar of Ru.
  1757 | D:3      | Reached skill level 6 in Axes
  1757 | D:3      | Reached XP level 4. HP: 32/39 MP: 3/3
  1904 | D:3      | Noticed Terence
  1912 | D:3      | Killed Terence
  2065 | D:3      | Noticed Natasha
  2070 | D:3      | Killed Natasha
  2077 | D:3      | Found a radiant altar of Vehumet.
  2086 | D:3      | Reached XP level 5. HP: 44/45 MP: 4/4
  2090 | D:3      | Reached skill level 7 in Axes
  2197 | D:3      | Noticed Natasha
  2200 | D:3      | Killed Natasha
  2258 | D:3      | Noticed Natasha
  2263 | D:3      | Killed Natasha
  2302 | D:3      | Noticed Robin
  2306 | D:3      | Killed Robin
  2447 | D:3      | Reached skill level 8 in Axes
  2472 | D:3      | Reached XP level 6. HP: 47/51 MP: 5/5
  2665 | D:4      | Reached skill level 9 in Axes
  2837 | D:4      | Found a runed translucent door.
  2846 | D:4      | Noticed Krumphau's ghost (novice MiFi)
  3152 | D:4      | Reached XP level 7. HP: 51/57 MP: 6/6
  3236 | D:5      | Entered Level 5 of the Dungeon
  3250 | D:5      | Reached skill level 10 in Axes
  3344 | D:5      | Noticed a troll
  3350 | D:5      | Killed a troll
  3351 | D:5      | Reached skill level 11 in Axes
  3417 | D:5      | Reached XP level 8. HP: 64/64 MP: 7/7
  3472 | D:5      | Found a staircase to the Ecumenical Temple.
  3578 | D:5      | Identified the +4 ring mail of Weirdness {rPois Int+3}
  3874 | D:5      | Reached skill level 12 in Axes
  3968 | D:5      | Reached *** piety under Trog
  4183 | D:6      | Found Usukanykh's Antique Weapon Boutique.
  4279 | D:6      | Reached skill level 13 in Axes
  4746 | D:6      | Identified the +0 rapier of Liupte Qeang {heavy, rElec}
  4761 | D:6      | Reached skill level 14 in Axes
  4956 | D:6      | Reached XP level 9. HP: 70/70 MP: 8/8
  5286 | D:7      | Reached skill level 15 in Axes
  5449 | D:7      | Noticed Sigmund
  5455 | D:7      | Killed Sigmund
  5459 | D:7      | Noticed Edmund
  5470 | D:7      | Killed Edmund
  5471 | D:7      | Reached skill level 16 in Axes
  5853 | D:8      | Noticed a two-headed ogre
  5864 | D:8      | Killed a two-headed ogre
  5865 | D:8      | Reached skill level 17 in Axes
  5867 | D:8      | Reached **** piety under Trog
  5871 | D:8      | Reached XP level 10. HP: 77/77 MP: 9/9
  5947 | D:8      | Noticed a two-headed ogre
  5951 | D:8      | Found a hazy altar of Hepliaklqana.
  5951 | D:8      | Found an opulent altar of Gozag.
  5951 | D:8      | Found an ornate altar of the Wu Jian Council.
  5955 | D:8      | Killed a two-headed ogre
  5962 | D:8      | Found a burning altar of Makhleb.
  6007 | D:8      | Found a stormy altar of Qazlal.
  6007 | D:8      | Found a snail-covered altar of Cheibriados.
  6008 | D:8      | Found a shimmering blue altar of Sif Muna.
  6091 | D:8      | Identified the +2 cloak of Cyor {rElec rC+ rN+}
  6232 | D:8      | Reached skill level 18 in Axes
  6332 | D:8      | Found Lues's Magic Scroll Emporium.
  6358 | D:8      | Bought a scroll of identify for 24 gold pieces
  6358 | D:8      | Bought a scroll of identify for 24 gold pieces
  6358 | D:8      | Bought a scroll of teleportation for 36 gold pieces
  6358 | D:8      | Bought a scroll of fear for 48 gold pieces
  6358 | D:8      | Bought a scroll of immolation for 48 gold pieces
  6358 | D:8      | Bought a scroll of poison for 48 gold pieces
  6788 | D:9      | Noticed a deep elf zephyrmancer
  6790 | D:9      | Identified the +2 hat "Webongy" {Fly rCorr}
  6797 | D:9      | Noticed a deep elf zephyrmancer
  6800 | D:9      | Killed a deep elf zephyrmancer
  6801 | D:9      | Reached skill level 5 in Fighting
  6805 | D:9      | Killed a deep elf zephyrmancer
  7171 | D:9      | Found a staircase to the Orcish Mines.
  7458 | D:9      | Reached skill level 5 in Armour
  7550 | D:9      | Reached skill level 5 in Dodging
  7550 | D:9      | Reached XP level 11. HP: 57/89 MP: 10/10
  7867 | D:10     | Entered Level 10 of the Dungeon
  7884 | D:10     | Noticed a two-headed ogre
  7894 | D:10     | Killed a two-headed ogre
  8053 | D:10     | Found a staircase to the Lair.
  8491 | D:10     | Found Juudutez's Serpentskin Sales.
  8499 | D:10     | Bought 4 curare-tipped darts for 52 gold pieces
  8784 | D:11     | Noticed a brown ugly thing
  8793 | D:11     | Killed a brown ugly thing
  9201 | D:11     | Noticed a two-headed ogre
  9210 | D:11     | Killed a two-headed ogre
  9493 | Orc:1    | Entered Level 1 of the Orcish Mines
  9496 | Orc:1    | Noticed an ettin
  9499 | Orc:1    | Noticed an orc knight
  9513 | Orc:1    | Killed an ettin
  9521 | D:9      | Reached XP level 12. HP: 20/105 MP: 11/11
  9726 | Orc:1    | Found Siukk's Distillery.
  9741 | Orc:1    | Bought a potion of cancellation for 112 gold pieces
  9741 | Orc:1    | Bought a potion of haste for 140 gold pieces
  9885 | Orc:2    | Entered Level 2 of the Orcish Mines
  9886 | Orc:2    | Noticed a two-headed ogre
  9901 | Orc:2    | Killed a two-headed ogre
  9902 | Orc:2    | Reached skill level 10 in Fighting
 10268 | Orc:2    | Noticed an orc high priest
 10275 | Orc:2    | Noticed an orc warlord
 10278 | Orc:2    | Killed an orc high priest
 10279 | Orc:2    | Reached skill level 10 in Armour
 10456 | Orc:1    | Killed an orc warlord
 10576 | Orc:2    | Found a staircase to the Elven Halls.
 10582 | Orc:2    | Found Unoretumn's Book Shoppe.
 10598 | Orc:2    | Noticed an orc high priest
 10606 | Orc:2    | Killed an orc high priest
 10688 | Orc:2    | Reached ***** piety under Trog
 10696 | Orc:2    | Reached skill level 10 in Dodging
 10884 | Orc:2    | Noticed an orc high priest
 10901 | Orc:2    | Killed an orc high priest
 11081 | Orc:2    | Noticed an orc high priest
 11104 | Orc:2    | Killed an orc high priest
 11104 | Orc:2    | Received a gift from Trog
 11161 | Orc:2    | Found Piturghi's General Store.
 11162 | Orc:2    | Found Wifyk's Book Shop.
 11164 | Orc:2    | Found Raenurem's Antique Armour Shop.
 11164 | Orc:2    | Found Uxyec's Antique Weapon Boutique.
 11475 | Lair:1   | Entered Level 1 of the Lair of Beasts
 11489 | Lair:1   | Reached XP level 13. HP: 110/117 MP: 12/12
 13390 | Lair:3   | Found a staircase to the Shoals.
 13448 | Lair:3   | Noticed a fire dragon
 13462 | Lair:3   | Killed a fire dragon
 13544 | Lair:3   | Received a gift from Trog
 13545 | Lair:3   | Found the +8 frozen axe "Frostbite" {freeze, freezing
                  | cloud, *Noise Fly rC+}
 13617 | Lair:3   | Noticed Sonja
 13626 | Lair:3   | Killed Sonja
 13721 | Lair:3   | Reached XP level 14. HP: 129/132 MP: 13/13
 13957 | Lair:3   | Found a hole to the Spider Nest.
 15221 | Lair:4   | Received a gift from Trog
 15443 | Lair:5   | Entered Level 5 of the Lair of Beasts
 15541 | Lair:5   | Mangled by a death yak

Illustrated notes

Levels and vault maps discovered:
D:1:      dpeg_arrival_solitude, layout_loops_ring,
          chequers_ecumenical_altar_twisty, minmay_cupped
D:2:      layout_basic, basic_altar
D:3:      layout_loops_cross, mainiacjoe_overflow_concentric_impassable,
          uniq_natasha, uniq_terence, uniq_robin
D:4:      layout_rooms, ebering_ghost_reflecting_pool,
          minmay_fractal_squares_gapless_5
D:5:      layout_basic, minmay_temple_entry_glass, hangedman_decor_slide_cut,
          nicolae_concentric_dashed_squares_mild
D:6:      layout_gridville, serial_shops, shop
D:7:      layout_rooms, sigmund_edmund_badplayer
D:8:      layout_rooms, grunt_temple_overflow_open, serial_shops,
          nicolae_shop_peninsula, minmay_fire_ice_demons
D:9:      layout_stronghold, orc_david_3, hangedman_minor_magic
D:10:     layout_gridville, minmay_lair_entry_grove, serial_undead,
          serial_undead_f, serial_undead_e, serial_undead_d, serial_undead_b,
          guppyfry_shop_venom
D:11:     layout_roguey, water_boxes_lemuel
Lair:1:   layout_regular_city
Lair:2:   layout_small_grid, kennysheep_abandoned_house
Lair:3:   layout_regular_city, nicolae_shoals_entry_flooding,
          hellmonk_spider_entry_life_and_decay, hellmonk_talismancer,
          grunt_megastairs_3, lemuel_fruit_fields, uniq_sonja
Lair:4:   layout_layer_cave, pdpol_lair_cavern_descent, grunt_megastairs_2
Lair:5:   hellmonk_lair_end_abyssal_woods, layout_cave_shapes,
          nicolae_slime_entry_slimehenge, grunt_megastairs_5, lemuel_fruit_tree,
          uniq_nessos
Orc:1:    layout_diamond_mine, serial_shops, shop
Orc:2:    st_orc_congregation, layout_caves, serial_shops,
          nicolae_shop_behind_doors

Skill      XL: |  1  2  3  4  5  6  7  8  9 10 11 12 13 14 |
---------------+-------------------------------------------+-----
Axes           | 4 5 6 8 9 11 14 17 18 | 18.8
Fighting       | 6 9 11 14 | 14.9
Armour         | 5 8 11 13 14 | 14.5
Dodging        | 5 8 10 12 13 | 13.4

Action                     |  1- 3 |  4- 6 |  7- 9 | 10-12 | 13-15 || total
---------------------------+-------+-------+-------+-------+-------++-------
  Melee: Hand axe          |    91 |    60 |    98 |       |       ||   249
         Headbutt          |    16 |     8 |    31 |   147 |    81 ||   283
         Punch             |       |       |     3 |     8 |     3 ||    14
         War axe           |       |       |    57 |   607 |       ||   664
         Broad axe         |       |       |       |     5 |   198 ||   203
         Executioner's axe |       |       |       |       |   156 ||   156
  Throw: Dart              |       |       |       |       |     6 ||     6
 Invoke: Berserk           |     1 |     3 |     6 |    13 |     3 ||    26
         Trog's Hand       |       |     1 |     1 |     8 |     2 ||    12
    Use: Scroll            |       |       |       |    10 |     2 ||    12
   Stab: Sleeping          |       |     1 |       |       |       ||     1
         Confused          |       |       |       |     2 |       ||     2
 Armour: Animal skin       |    50 |     3 |       |       |       ||    53
         Scale mail        |       |    34 |   101 |    54 |       ||   189
         Ring mail         |       |       |       |   209 |       ||   209
         Plate armour      |       |       |       |   118 |   380 ||   498
  Dodge: Dodged            |    63 |    18 |    66 |   290 |   229 ||   666
